 Dungeon Crawl Stone Soup version 0.29-a0-214-g17f627cfee (webtiles) character file.

Game seed: 2669250858580910001

3854 jlumianski the Magician (level 9, -13/61 HPs)
             Began as a Demonspawn Fire Elementalist on Feb 24, 2022.
             Was an Initiate of Yredelemnul.
             Killed by divine providence
             ... invoked by an orc priest
              (18 damage)
             ... on level 8 of the Dungeon on Feb 25, 2022.
             The game lasted 00:42:39 (9252 turns).

jlumianski the Magician (DsFE)                      Turns: 9252, Time: 00:42:39

Health: -13/61     AC: 22    Str: 13    XL:     9   Next: 99%
Magic:  17/20      EV: 12    Int: 16    God:    Yredelemnul [......]
Gold:   222        SH:  0    Dex: 16    Spells: 17/23 levels left

rFire   . . .      SeeInvis .   r - +7 war axe "Xisi Ila" {vorpal, rPois Dex+2}
rCold   . . .      Faith    .   (no shield)
rNeg    . . .      Spirit   .   w - +7 ring mail of Dogmatism {Harm Will+}
rPois   +          Reflect  .   i - +2 helmet
rElec   .          Harm     +   y - +2 cloak
rCorr   .          Rampage  .   (no gloves)
Will    +....                   h - +2 pair of boots
Stlth   ++........              (no amulet)
HPRegen 0.20/turn               (no ring)
MPRegen 0.17/turn               (no ring)

@: no status effects
A: demonic guardian 1, foul stench 3
a: Renounce Religion, Recall Undead Harvest


You were on level 8 of the Dungeon.
You worshipped Yredelemnul.
Yredelemnul was noncommittal.
You visited 2 branches of the dungeon, and saw 9 of its levels.
You also visited: Sewer.

You collected 507 gold pieces.
You spent 285 gold pieces at shops.

Inventory:

Hand Weapons
 c - a +0 short sword
 d - a +0 long sword
 g - the +6 Majin-Bo {vamp, MP+6 Int+6}
   (You acquired it on level 6 of the Dungeon)

   It occasionally heals its wielder for a portion of the damage dealt when they
   wound a living foe with it or with a spell.
   Its wielder's spells cost health as well as magical power.
   Int:       It affects your intelligence (+6).
   MP:        It affects your magic capacity (+6).
 n - a +2 dagger of venom
 r - the +7 war axe "Xisi Ila" (weapon) {vorpal, rPois Dex+2}
   (You found it on level 7 of the Dungeon)

   It inflicts extra damage upon your enemies.
   Dex:       It affects your dexterity (+2).
   rPois:     It protects you from poison.
 B - a +2 hand axe of electrocution
 E - a +0 hand axe of draining
 G - a +1 vampiric spear
 I - a +2 rapier of speed
Missiles
 b - 166 stones
 q - 3 poisoned darts
 F - 5 boomerangs
 H - 3 throwing nets
Armour
 a - a +0 robe
 h - a +2 pair of boots (worn)
 i - a +2 helmet (worn)
 v - a +0 leather armour
 w - the +7 ring mail of Dogmatism (worn) {Harm Will+}
   (You found it on level 2 of the Dungeon)

   Harm:      It increases damage dealt and taken.
   Will:      It increases your willpower.
 y - a +2 cloak (worn)
 J - an orb of light
 K - +0 steam dragon scales
Jewellery
 e - a ring of fire
 t - a ring of ice
 x - a ring of ice
Wands
 o - a wand of flame (44)
 p - a wand of iceblast (6)
Scrolls
 j - 2 scrolls of teleportation
 k - a scroll of amnesia
 l - a scroll of summoning
 s - 2 scrolls of fear
 u - a scroll of immolation {unknown}
 C - a scroll of silence {unknown}
 N - a scroll of brand weapon {unknown}
 O - a scroll of enchant armour
Potions
 f - a potion of brilliance
 m - 3 potions of degeneration
 z - 4 potions of curing
 A - 3 potions of berserk rage
 D - a potion of mutation
 L - 2 potions of might {unknown}
 M - a potion of heal wounds {unknown}


   Skills:
 + Level 2.1 Fighting
 + Level 1.2(1.6) Short Blades
 + Level 1.5(1.8) Long Blades
 + Level 3.4 Axes
 + Level 1.8 Staves
 + Level 3.2 Armour
 + Level 3.5 Dodging
 + Level 3.2 Stealth
 + Level 7.7 Spellcasting
 + Level 3.0 Conjurations
 + Level 7.6 Fire Magic
 + Level 0.1 Invocations


You had 17 spell levels left.
You knew the following spells:

 Your Spells              Type           Power      Damage    Failure   Level
a - Foxfire               Conj/Fire      92%        2x1d8     2%          1
b - Scorch                Fire           60%        2d8       1%          2
c - Frozen Ramparts       Ice            12%        1d3       56%         3

Your spell library contained the following spells:

 Spells                   Type           Power      Damage    Failure   Level
 Conjure Flame            Conj/Fire      23%        6-21      8%          3
 Inner Flame              Hex/Fire       18%        N/A       14%         3
 Beastly Appendage        Tmut           12%        N/A       24%         1
 Freeze                   Ice            24%        1d5       24%         1
 Flame Wave               Conj/Fire      23%        2d7       26%         4
 Wereblood                Tmut           6%         N/A       34%         2
 Spider Form              Tmut/Pois      6%         N/A       56%         3
 Hailstorm                Conj/Ice       11%        3d5       77%         4


Dungeon Overview and Level Annotations

Branches:
Dungeon (8/15)             Temple (1/1) D:6           Sewer (visited)
   Lair: D:8-11

Altars:
Yredelemnul

Shops:
D:1 [   D:4 ?


Innate Abilities, Weirdness & Mutations

A weak demonic guardian rushes to your aid.
You frequently emit foul miasma when damaged in melee.


Message History

Casting: Scorch (safe; 1% risk of failure)
Confirm with . or Enter, or press ? or * to list all spells.
You conjure some foxfire!
Okay, then.
You barely miss the orc warrior.
The orc warrior is heavily wounded.
The foxfire hits the orc warrior.
The orc warrior is severely wounded.
The foxfire hits the orc warrior but does no damage.
The orc warrior is severely wounded.
The orc warrior barely misses you. x2
Casting: Foxfire (safe; 2% risk of failure)
Confirm with . or Enter, or press ? or * to list all spells.
You conjure some foxfire!
The orc warrior hits you with a +0 war axe!
* * * LOW HITPOINT WARNING * * *
The orc warrior barely misses your foxfire.
The orc warrior hits your foxfire with a +0 war axe!
You hit the orc warrior.
The orc warrior is severely wounded.
The orc warrior is no longer more vulnerable to fire.
The foxfire hits the orc warrior.
The orc warrior resists.
The orc warrior is almost dead.
The foxfire hits the orc warrior but does no damage.
The orc warrior is almost dead.
Found a scroll labelled RUSHIT FUCOOPP.
The orc priest looks satisfied for a moment.
Found a mace.
Found a stone staircase leading down.
The orc priest calls down the wrath of Beogh upon you.
Beogh smites you!
* * * LOW HITPOINT WARNING * * *
A demonic guardian appears!
You swap places.
The orc warrior hits your shadow imp with a +0 war axe!
Your shadow imp dies!
Your shadow imp disappears in a puff of smoke!
The orc priest mumbles some strange prayers to Beogh against you.
Beogh smites you!
You die...
Your body rises from the dead as a mindless zombie.

#.. #.# ##### ###..
#..... ....#
####..... ##.
#?...... ### #....#
#.$
####....#########)#
#>@..o........o.Z..
#.##..o..#######o.#
#. #.)...# #... #.
#####o# #..#
#.######.#######...
#.......o..oo......
########.##########
.... # ......# #


You could see an orc warrior and 2 orc priests.

Vanquished Creatures
  Joseph (D:7)
  A troll (D:7)
  A steam dragon (D:6)
  Eustachio (D:5)
  Edmund (D:5)
  Duvessa (D:7)
  2 water moccasins
  An orc warrior (D:5)
  A black bear (D:7)
  3 ogres (D:6)
  A sky beast (D:8)
  2 centaurs
  2 phantoms
  A kobold brigand (Sewer)
  Blork the orc (D:5)
  4 bullfrogs
  2 scorpions
  4 killer bees (D:7)
  A howler monkey (D:5)
  A bullfrog zombie (D:6)
  A gnoll shaman (D:7)
  2 centaur zombies
  2 orc priests
  2 hounds
  Jessica (D:2)
  2 iguanas
  An orc wizard (D:4)
  Robin (D:3)
  2 gnolls (D:7)
  16 adders
  4 river rats
  A white imp (D:7)
  An ufetubus (D:6)
  2 dart slugs
  10 orcs
  8 ball pythons
  4 endoplasms
  3 giant cockroaches
  12 goblins
  5 hobgoblins
  11 jackals
  A quokka (D:3)
  7 bats
  5 frilled lizards
  12 kobolds
  3 rats
151 creatures vanquished.

Vanquished Creatures (collateral kills)
  A centaur (D:7)
  A bullfrog (D:7)
  A wyvern zombie (D:7)
  Dowan (D:7)
  A killer bee (D:7)
  A centaur zombie (D:7)
  A jelly (D:7)
  Terence (D:3)
  2 gnolls (D:7)
  2 foxfires (Sewer)
12 creatures vanquished.

Vanquished Creatures (others)
  A water moccasin zombie (D:8)
  A bullfrog zombie (D:7)
  A centaur zombie (D:7)
  A killer bee zombie (D:7)
  3 gnoll zombies (D:7)
  179 foxfires
  A fungus (D:1)
  9 plants (Sewer)
  4 toadstools (D:1)
200 creatures vanquished.

Grand Total: 363 creatures vanquished

Notes
Turn   | Place    | Note
-------+----------+-------------------------------------------
     0 | D:1      | jlumianski the Demonspawn Fire Elementalist began the quest
                  | for the Orb.
     0 | D:1      | Reached XP level 1. HP: 13/13 MP: 3/3
   630 | D:1      | Gained mutation: You may rarely emit foul miasma when
                  | damaged in melee. [demonic ancestry]
   630 | D:1      | Reached XP level 2. HP: 18/19 MP: 0/5
   714 | D:1      | Learned a level 2 spell: Scorch
  1216 | D:1      | Found Nuiroh Biji's Armour Shoppe.
  1227 | D:1      | Bought a +0 pair of boots for 54 gold pieces
  1227 | D:1      | Bought a +0 helmet for 54 gold pieces
  1287 | D:1      | Reached XP level 3. HP: 24/24 MP: 2/6
  1864 | D:2      | Found a faded altar of an unknown god.
  1881 | D:2      | Noticed Jessica
  1888 | D:2      | Gained mutation: A weak demonic guardian rushes to your
                  | aid. [demonic ancestry]
  1888 | D:2      | Reached XP level 4. HP: 30/31 MP: 3/7
  1892 | D:2      | Killed Jessica
  1893 | D:2      | Reached skill level 1 in Long Blades
  2055 | D:3      | Noticed Terence
  2078 | D:3      | Killed Terence
  2320 | D:3      | Gained mutation: You sometimes emit foul miasma when
                  | damaged in melee. [demonic ancestry]
  2320 | D:3      | Reached XP level 5. HP: 36/36 MP: 6/8
  2387 | D:3      | Reached skill level 1 in Fighting
  2395 | D:3      | Found a glowing drain.
  2400 | Sewer    | Entered a sewer
  2989 | Sewer    | Reached XP level 6. HP: 33/43 MP: 5/10
  3297 | Sewer    | Reached skill level 1 in Short Blades
  3912 | D:3      | Learned a level 3 spell: Frozen Ramparts
  3927 | D:3      | Noticed Robin
  3930 | D:3      | Killed Robin
  4030 | D:1      | Bought a +0 leather armour for 24 gold pieces
  4137 | D:2      | Identified the +7 ring mail of Dogmatism {Harm Will+}
  5261 | D:4      | Reached XP level 7. HP: 48/48 MP: 10/12
  5392 | D:4      | Found Wodemn's Magic Scroll Shoppe.
  5395 | D:4      | Bought a scroll of enchant armour for 82 gold pieces
  5395 | D:4      | Bought a scroll of teleportation for 33 gold pieces
  5395 | D:4      | Bought a scroll of fear for 38 gold pieces
  5746 | D:5      | Entered Level 5 of the Dungeon
  5840 | D:5      | Noticed Blork the orc
  5846 | D:5      | Killed Blork the orc
  5847 | D:5      | Reached skill level 1 in Armour
  5847 | D:5      | Reached skill level 5 in Fire Magic
  6149 | D:5      | Noticed Edmund
  6160 | D:5      | Killed Edmund
  6247 | D:5      | Identified the +6 dagger of Giqetey {holy, Contam Str+2
                  | SInv}
  6437 | D:5      | Noticed Eustachio
  6440 | D:5      | Reached skill level 1 in Axes
  6440 | D:5      | Reached skill level 5 in Spellcasting
  6440 | D:5      | Reached XP level 8. HP: 52/54 MP: 11/15
  6462 | D:5      | Killed Eustachio
  7591 | D:6      | Gained mutation: You frequently emit foul miasma when
                  | damaged in melee. [demonic ancestry]
  7591 | D:6      | Reached XP level 9. HP: 36/61 MP: 14/18
  7716 | D:6      | Found a staircase to the Ecumenical Temple.
  7735 | Temple   | Entered the Ecumenical Temple
  7756 | Temple   | Became a worshipper of Yredelemnul the Dark
  8028 | D:6      | Identified a scroll of acquirement
  8028 | D:6      | Acquired the +6 Majin-Bo {vamp, MP+6 Int+6}
  8028 | D:6      | Found the +6 Majin-Bo {vamp, MP+6 Int+6}
  8051 | D:7      | Noticed a troll
  8061 | D:7      | Killed a troll
  8062 | D:7      | Reached * piety under Yredelemnul
  8411 | D:7      | Reached ** piety under Yredelemnul
  8457 | D:7      | Reached *** piety under Yredelemnul
  8514 | D:7      | Reached skill level 1 in Staves
  8586 | D:7      | Reached **** piety under Yredelemnul
  8682 | D:7      | Noticed Joseph
  8700 | D:7      | Killed Joseph
  8891 | D:7      | Noticed Duvessa
  8895 | D:7      | Noticed Dowan
  8900 | D:7      | Killed Duvessa
  8902 | D:7      | Killed Dowan
  8931 | D:7      | Identified the +7 war axe "Xisi Ila" {vorpal, rPois Dex+2}
  9246 | D:8      | HP: 3/61 [orc priest/divine providence (15)]
  9252 | D:8      | Killed from afar by an orc priest

Illustrated notes

Levels and vault maps discovered:
D:1:      dpeg_arrival_stone_temple_mockup, layout_loops_cross, serial_shops,
          shop, minmay_gold_behind_fungi, hangedman_abyss_or_decor_stabs,
          st_stairs_9
D:2:      layout_rooms, shapermc_ecumenical_altar_notcrosses, uniq_jessica
D:3:      layout_loops_ring, gup_sewer_entry_bowl, minivault_4, uniq_robin,
          uniq_terence
D:4:      minmay_spotlight, layout_loops_ring, serial_shops, kennysheep_mini
D:5:      layout_basic, uniq_blork_the_orc, uniq_eustachio, uniq_edmund
D:6:      layout_basic, minmay_temple_entry_arrows
D:7:      layout_basic, uniq_joseph, uniq_duvessa
D:8:      layout_basic, kennysheep_crisscross, minmay_parallelograms
Temple:   mainiacjoe_temple_cubbyholes

Skill      XL: |  1  2  3  4  5  6  7  8  9 |
---------------+----------------------------+-----
Stealth        | 2 3 |  3.2
Fire Magic     | 3 4 5 6 7 |  7.6
Dodging        | 2 3 |  3.5
Long Blades    | 1 |  1.5
Fighting       | 1 2 |  2.1
Spellcasting   | 3 5 6 7 |  7.7
Short Blades   | 1 |  1.2
Conjurations   | 2 3 |  3.0
Armour         | 1 2 3 |  3.2
Axes           | 1 2 3 |  3.4
Staves         | 1 |  1.8
Invocations    | |  0.1

Action                   |  1- 3 |  4- 6 |  7- 9 || total
-------------------------+-------+-------+-------++-------
Melee: Long sword        |    50 |       |       ||    50
       Short sword       |     6 |       |       ||     6
       Punch             |     2 |       |       ||     2
       Dagger            |     1 |    72 |       ||    73
       Hand axe          |       |    13 |    70 ||    83
       Quarterstaff      |       |       |    29 ||    29
       War axe           |       |       |    12 ||    12
 Cast: Foxfire           |    18 |    32 |    54 ||   104
       Scorch            |     9 |    27 |    70 ||   106
Invok: Recall Undead Har |       |       |     1 ||     1
  Use: Scroll            |       |     5 |     9 ||    14
Armor: Robe              |    29 |    15 |       ||    44
       Ring mail         |       |    24 |   150 ||   174
Dodge: Dodged            |    68 |    46 |   140 ||   254

Table legend: (Time is in decaauts)
 A = Elapsed time spent in this place.
 B = Non-inter-level travel time spent in this place.
 C = Inter-level travel time spent in this place.
 D = Time resting spent in this place.
 E = Time spent auto-exploring this place.
 F = Levels seen in this place.
 G = Mean time per level.
                   A        B        C        D        E       F      G
               +--------+--------+--------+--------+--------+-----+--------+
         Total |   9485 |   9256 |    229 |    621 |   6556 |  10 |  948.5 |
       Dungeon |   8019 |   7790 |    229 |    566 |   5471 |   8 | 1002.4 |
        Temple |     40 |     40 |      0 |      0 |      3 |   1 |   40.0 |
         Sewer |   1424 |   1424 |      0 |     55 |   1082 |   1 | 1424.0 |
               +--------+--------+--------+--------+--------+-----+--------+

Top non-repeatable levels by time:
     D:1: 1695 daAuts
   Sewer: 1424 daAuts
     D:3: 1199 daAuts
     D:6: 1167 daAuts
     D:5: 1060 daAuts
     D:7: 1037 daAuts
     D:4: 887 daAuts
     D:2: 790 daAuts
     D:8: 180 daAuts
  Temple: 40 daAuts
